 Dungeon Crawl Stone Soup version 0.19.4 (console) character file.

184 Kloppie the Skirmisher (level 5, -5/50 HPs)
             Began as a Ghoul Berserker on Jan 31, 2017.
             Was a Believer of Trog.
             Slain by a phantom (8 damage)
             ... on level 4 of the Dungeon.
             The game lasted 00:03:07 (1835 turns).

Kloppie the Skirmisher (Ghoul Berserker)            Turns: 1835, Time: 00:03:07

Health: -5/50      AC:  6    Str: 21    XL:     5   Next: 64%
Magic:  4/4        EV: 11    Int:  3    God:    Trog [**....]
Gold:   105        SH:  0    Dex:  8    Spells: 0 memorised, 4 levels left

rFire  . . .     SeeInvis .     a - +0 hand axe
rCold  + . .     Gourm    .     f - +1 ring mail
rNeg   + + +     Faith    .     (no shield)
rPois  ∞         Spirit   .     (no helmet)
rElec  .         Reflect  .     (no cloak)
rCorr  .         Harm     .     (no gloves)
MR     .....                    (no boots)
Stlth  ..........               (no amulet)
                                (no ring)
                                (no ring)

@: rotting
A: rotting body, claws 1, carnivore 3, cold resistance 1, negative energy
resistance 3, slow regeneration 1, torment resistance, unbreathing
a: Trog's Hand, Burn Spellbooks, Renounce Religion


You were on level 4 of the Dungeon.
You worshipped Trog.
Trog was pleased with you.
You were not hungry.

You visited 1 branch of the dungeon, and saw 4 of its levels.

You collected 105 gold pieces.

Inventory:

Hand Weapons
 a - a +0 hand axe (weapon)
Armour
 f - a +1 ring mail (worn)
Scrolls
 e - 3 scrolls of identify
 h - 2 scrolls of recharging
 i - a scroll of fear
 k - 5 scrolls of remove curse
 m - 2 scrolls of random uselessness
Potions
 b - 2 potions of curing
 j - a potion of might
Comestibles
 c - 4 meat rations
 l - a beef jerky


   Skills:
 * Level 5.7 Fighting
 + Level 3.9 Axes
 - Level 1.7 Armour
 - Level 1.7 Dodging


You had 4 spell levels left.
You didn't know any spells.

Dungeon Overview and Level Annotations

Branches:
Dungeon (4/15)
 Temple: D:4-7

Altars:


Innate Abilities, Weirdness & Mutations

Your body is rotting away.
You thrive on raw meat.
You are immune to poison.
You have sharp fingernails.
You are carnivorous and can eat meat at any time.
Your flesh is cold resistant. (rC+)
You are immune to negative energy. (rN+++)
You regenerate slowly when monsters are visible.
You are immune to unholy pain and torment.
You can survive without breathing.


Message History

You are too injured to fight recklessly!
You hit the phantom.
The phantom is moderately damaged.
The phantom hits you.
* * * LOW HITPOINT WARNING * * *
You closely miss the phantom.
The phantom is moderately damaged.
The phantom hits you!
* * * LOW HITPOINT WARNING * * *
The phantom blinks!
The phantom hits you but does no damage.
Okay, then.
You hit the phantom but do no damage.
The phantom is moderately damaged.
The phantom hits you!
* * * LOW HITPOINT WARNING * * *
You closely miss the phantom.
The phantom is moderately damaged.
The phantom hits you!
You die...

..# .......# ..#
###......# ..#
#........# ..#
#.##.....# ..#
..##.##.....#
####+#..##.#......#
.....##.##.#.$....##
.###.##.##.#...!...#
.# ##.##.##...@..#
.###.#...#.##..W..$#
.....+...#.##......#
'#####..>#'#######+#
..................
..(......<........
###...#''.........
#...###.........
##### #.........


You could see a phantom.

Vanquished Creatures
  Jessica (D:3)
  Ijyb (D:2)
  A howler monkey skeleton (D:4)
  4 adders
  An ooze (D:3)
  5 worms
  4 dart slugs
  4 leopard geckos
  6 bats
  2 giant cockroaches (D:3)
  8 goblins
  4 hobgoblins
  3 jackals (D:3)
  A ball python skeleton (D:4)
  3 frilled lizards
  7 kobolds
  9 rats
64 creatures vanquished.

Notes
Turn   | Place    | Note
-------+----------+-------------------------------------------
     0 | D:1      | Kloppie the Ghoul Berserker began the quest for the Orb.
     0 | D:1      | Reached XP level 1. HP: 19/19 MP: 0/0
    56 | D:1      | Reached XP level 2. HP: 12/27 MP: 1/1
   254 | D:1      | Reached skill level 4 in Fighting
   534 | D:2      | Reached XP level 3. HP: 34/34 MP: 2/2
   571 | D:2      | Found a faded altar of an unknown god.
   869 | D:2      | Reached XP level 4. HP: 24/41 MP: 3/3
   984 | D:2      | Noticed Ijyb
  1000 | D:2      | Killed Ijyb
  1041 | D:2      | Reached skill level 5 in Fighting
  1103 | D:2      | Reached ** piety under Trog
  1237 | D:3      | Reached XP level 5. HP: 24/48 MP: 4/4
  1536 | D:3      | Noticed Jessica
  1545 | D:3      | Killed Jessica
  1813 | D:4      | Noticed a phantom
  1834 | D:4      | HP: 2/50 [phantom (8)]
  1835 | D:4      | Slain by a phantom

Skill      XL: |  1  2  3  4 |
---------------+-------------+-----
Fighting       | 4 5 |  5.7
Axes           | 3 |  3.9
Armour         | |  1.7
Dodging        | |  1.7

Action                   |  1- 3 |  4- 6 || total
-------------------------+-------+-------++-------
Melee: Hand axe          |   107 |   137 ||   244
  Use: Scroll            |       |     7 ||     7
  Eat: Chunk             |    10 |     5 ||    15
Armor: Animal skin       |     3 |       ||     3
       Ring mail         |    30 |    59 ||    89
Dodge: Dodged            |    60 |    86 ||   146
